 Dungeon Crawl Stone Soup version 0.31-a0-232-gb1c03b2570 (webtiles) character file.

Game seed: 18363785906030786084

49 qw the Shooter (level 3, -2/21 HPs)
             Began as a Gargoyle Hexslinger on July 6, 2023.
             Slain by Terence
             ... wielding a +0 flail
              (4 damage)
             ... on level 2 of the Dungeon.
             The game lasted 00:00:31 (1673 turns).

qw the Shooter (Gargoyle Hexslinger)                Turns: 1673, Time: 00:00:31

Health: -2/21      AC:  8    Str: 11    XL:     3   Next: 77%
Magic:  4/4        EV: 10    Int: 13    God:
Gold:   73         SH:  0    Dex: 14    Spells: 3/4 levels left

rFire   . . .        Y - +1 sling
rCold   . . .        (no shield)
rNeg    + . .        h - +0 ring mail
rPois   inf          (no helmet)
rElec   +            (no cloak)
rCorr   .            (no gloves)
SInv    .            (no boots)
Will    .....        g - amulet of the acrobat
Stlth   +            (no ring)
HPRegen 0.23/turn    (no ring)
MPRegen 0.09/turn

%: acrobat
@: no status effects
A: sickness immunity, AC +3, negative energy resistance 1, electricity
resistance, torment resistance 1, petrification resistance
a: no special abilities


You were on level 2 of the Dungeon.
You visited 1 branch of the dungeon, and saw 3 of its levels.

You collected 73 gold pieces.


Innate Abilities, Weirdness & Mutations

You are immune to sickness and miasma.
Your stone body is resilient. (AC +3)
You are immune to poison.
You resist negative energy. (rN+)
You are resistant to electric shocks. (rElec)
You are resistant to unholy torment.
You are immune to petrification.


   Skills:
 - Level 2.0 Fighting
 + Level 3.6 Ranged Weapons
 - Level 1.5 Dodging
 - Level 1.0 Spellcasting
 - Level 2.6 Hexes


You had 3 spell levels left.
You knew the following spells:

 Your Spells              Type           Power      Damage    Failure   Level
a - Slow                  Hex            28%        N/A       22%         1

Your spell library contained the following spells:

 Spells                   Type           Power      Damage    Failure   Level
 Inner Flame              Hex/Fire       4%         N/A       75%         3
 Portal Projectile        Hex/Tloc       8%         N/A       75%         3
 Cause Fear               Hex            3%         N/A       92%         4

Inventory:

Hand Weapons
 Y - a +1 sling (weapon)
Armour
 h - a +0 ring mail (worn)
Jewellery
 g - an amulet of the acrobat (around neck)
Potions
 a - a potion of magic {unknown}
 d - a potion of might {unknown}
 e - a potion of attraction {unknown}
 f - a potion of curing

Dungeon Overview and Level Annotations

Branches:
Dungeon (3/15)

Altars:
Nemelex Xobeh

Annotations:
D:2 Terence
D:3 Natasha


Message History

Waypoint 2 assigned to D:3.
You shoot a sling bullet.
The sling bullet closely misses Terence.
You shoot a sling bullet. The sling bullet hits Terence.
Terence is lightly wounded.
Terence hits you but does no damage.
You shoot a sling bullet.
The sling bullet hits Terence but does no damage.
Terence is lightly wounded.
Terence hits you with a +0 flail!
1668 ||| STAIRDANCE Terence hits you with a +0 flail.
You climb upwards.
There is a stone staircase leading down here.
Enter note:
Enter note:
Enter note:
Enter note:
Enter note:
Enter note:
Enter note:
Enter note:
Enter note:
Enter note:
Enter note:
Enter note: You shoot a sling bullet.
The sling bullet hits Terence.
Terence is moderately wounded.
Terence barely misses you. Terence hits you with a +0 flail!
You shoot a sling bullet. The sling bullet hits Terence!
Terence is severely wounded.
Terence drinks a potion.
Terence is healed!
You shoot a sling bullet.
The sling bullet hits Terence but does no damage.
Terence is moderately wounded.
Terence barely misses you.
You shoot a sling bullet.
The sling bullet hits Terence but does no damage.
Terence is moderately wounded.
Terence barely misses you. Terence hits you with a +0 flail.
You die...

.#.#.##### #.#
###..##.###.# ..##.# #.#
#.###...#.# .....## ##'##
#.# ###.#.# ......# ##...##
#.#####.#.# #####.#
##.....###....>....# ##.#.#
##.......######.#.###
##....###.........####....#
........'.........+.......#
##....###.......@.####....#
##.#.# ##......@## ##.#.#
###.#####.....## #)..#
#.......##...## #.###
#.#.###.###'## #.# ##.#.#
#.# #.# #.# ##....###.# #.#
#.# .......##.###.## #.#
##..##.##.##...## #.#


You could see Terence.

Vanquished Creatures
  An adder (D:2)
  A worm (D:2)
  4 bats
  3 endoplasms
  A giant cockroach (D:1)
  3 goblins
  2 hobgoblins
  3 jackals (D:2)
  5 quokkas
  A ball python (D:2)
  3 frilled lizards
  4 kobolds
  2 rats
33 creatures vanquished.

Notes
Turn   | Place    | Note
-------+----------+-------------------------------------------
     0 | D:1      | qw the Gargoyle Hexslinger began the quest for the Orb.
     0 | D:1      | Reached XP level 1. HP: 12/12 MP: 2/2
     0 | D:1      | 0 ||| qw: Version: 0.3-a-46-gb1f654a
     0 | D:1      | 0 ||| qw: Game counter: 2072
     0 | D:1      | 0 ||| qw: Melee chars always use a shield: true
     0 | D:1      | 0 ||| qw: God list: Okawaru
     0 | D:1      | 0 ||| qw: Allow faded altars: false
     0 | D:1      | 0 ||| qw: Do Orc after clearing Dungeon:15 true
     0 | D:1      | 0 ||| qw: Do second Lair branch before Depths: true
     0 | D:1      | 0 ||| qw: Lair rune preference: random
     0 | D:1      | 0 ||| qw: Goals: Normal
     0 | D:1      | 0 ||| PLANNING D:1-11
   255 | D:1      | Reached XP level 2. HP: 14/16 MP: 3/3
   416 | D:1      | Reached skill level 3 in Ranged Weapons
   621 | D:1      | 621 ||| UPGRADING to +0 ring mail.
   631 | D:1      | 631 ||| DROPPING +0 robe.
   632 | D:1      | 632 ||| UPGRADING to amulet of the acrobat.
   637 | D:1      | 637 ||| READING scroll labelled WYSOIS IXU ERIVAL.
   638 | D:1      | 638 ||| READING scroll labelled ALUMIN RUA.
   639 | D:1      | 639 ||| DROPPING scroll of poison.
   695 | D:2      | Found a sparkling altar of Nemelex Xobeh.
   769 | D:2      | Reached XP level 3. HP: 21/21 MP: 4/4
  1590 | D:2      | 1590 ||| READING scroll labelled PEODEF QUOWIU.
  1591 | D:2      | 1591 ||| DRINKING 2 lumpy yellow potions.
  1624 | D:2      | 1624 ||| DROPPING potion of lignification.
  1664 | D:3      | Noticed Terence
  1664 | D:3      | Noticed Natasha
  1668 | D:3      | 1668 ||| STAIRDANCE
  1670 | D:2      | HP: 1/21 [Terence/+0 flail (8)]
  1673 | D:2      | Slain by Terence

Levels and vault maps discovered:
D:1:      onia_arrival_pyramid, layout_basic, minmay_misc_feat_plants
D:2:      layout_loops_corners, basic_altar, minmay_misc_feat_alley,
          grunt_ministairs_8
D:3:      layout_basic, hellmonk_ghost_happy_afterlife, uniq_terence,
          uniq_crazy_yiuf_cottage, uniq_grinder, uniq_natasha

Skill      XL: |  1  2 |
---------------+-------+-----
Ranged Weapons | 3 |  3.6
Fighting       | 2 |  2.0
Dodging        | |  1.5
Spellcasting   | |  1.0
Hexes          | |  2.6

Action                     || total
---------------------------++-------
   Fire: Sling             ||   129
    Use: Scroll            ||     3
         Potion            ||     1
 Armour: Robe              ||     8
         Ring mail         ||    29
  Dodge: Dodged            ||    70

Table legend:
 A = Non-vault XP
 B = Vault XP
 C = Vault XP percentage of total XP
 D = Non-vault monster count
 E = Vault monster count
 F = Vault count percentage of total count
                 A         B        C        D         E       F
            +---------+---------+-------+---------+---------+-------
      Total |      68 |       3 |   4.2 |      31 |       2 |   6.1
            +---------+---------+-------+---------+---------+-------
        D:1 |      27 |       0 |   0.0 |      16 |       0 |   0.0
        D:2 |      41 |       3 |   6.8 |      15 |       2 |  11.8
            +---------+---------+-------+---------+---------+-------
